 Dungeon Crawl Stone Soup version 0.26-a0-665-gefeb406119 (webtiles) character file.

Game seed: 12952075651923794420

133 somkeydreadnuts the Slinger (level 5, 0/34 HPs)
             Began as a Halfling Hunter on Oct 14, 2020.
             Slain by a killer bee (3 damage)
             ... on level 3 of the Dungeon.
             The game lasted 00:11:44 (2087 turns).

somkeydreadnuts the Slinger (Halfling Hunter)       Turns: 2087, Time: 00:11:44

Health: 0/34       AC:  4    Str: 13    XL:     5   Next: 40%
Magic:  0/5        EV: 14    Int:  9    God:
Gold:   142        SH:  0    Dex: 16    Spells: 4/4 levels left

rFire    . . .     SeeInvis .   g - +2 hunting sling (freeze)
rCold    . . .     Faith    .   (shield restricted)
rNeg     . . .     Spirit   +   r - +0 troll leather armour
rPois    .         Reflect  .   (no helmet)
rElec    .         Harm     .   (no cloak)
rCorr    .         Rampage  .   (no gloves)
MR       .....                  (no boots)
Stlth    ++........             q - amulet of guardian spirit
HPRegen  0.51/turn              (no ring)
MPRegen  0.09/turn              (no ring)

@: lethally poisoned (0 -> -4)
A: small, mutation resistance 1
a: no special abilities


You were on level 3 of the Dungeon.
You visited 1 branch of the dungeon, and saw 3 of its levels.

You collected 142 gold pieces.

Inventory:

Hand Weapons
 b - a +0 short sword
 g - a +2 hunting sling of freezing (weapon)
Missiles
 d - 15 sling bullets (quivered)
 e - 65 stones
Armour
 c - a +0 leather armour
 k - a +0 ring mail
 r - a +0 troll leather armour (worn)
Jewellery
 l - an uncursed amulet of faith
 q - an amulet of guardian spirit (around neck)
Scrolls
 f - 4 scrolls of teleportation {unknown}
 h - a scroll of enchant armour {unknown}
 i - 3 scrolls of identify {unknown}
 j - a scroll of remove curse {unknown}
 n - a scroll of blinking {unknown}
Potions
 a - a potion of flight {unknown}
 m - a potion of brilliance {unknown}
 o - a potion of heal wounds {unknown}
 p - a potion of haste


   Skills:
 + Level 2.1 Fighting
 + Level 0.2 Short Blades
 + Level 8.4 Slings
 + Level 1.5 Armour
 + Level 2.2 Dodging
 + Level 1.1 Stealth


You had 4 spell levels left.
You didn't know any spells.
Your spell library was empty.

Dungeon Overview and Level Annotations

Branches:
Dungeon (3/15)

Altars:
Gozag
Sif Muna


Innate Abilities, Weirdness & Mutations

You are small and have problems with some larger weapons.
You are somewhat resistant to further mutation.


Message History

You feel sick. The killer bee closely misses you.
Firing (i - inventory. (/) - cycle)
d - 17 sling bullets (quivered)
Press: ? - help, Shift-Dir - straight line, f/p - killer bee
Aim: a killer bee (heavily wounded)
You shoot a sling bullet. The sling bullet hits the killer bee.
The sling bullet freezes the killer bee.
The killer bee is almost dead.
* * * LOW HITPOINT WARNING * * *
You feel sick. The killer bee misses you. The killer bee closely misses you.
Firing (i - inventory. (/) - cycle)
d - 16 sling bullets (quivered)
Press: ? - help, Shift-Dir - straight line, f/p - killer bee
Aim: a killer bee (almost dead)
You shoot a sling bullet. The sling bullet hits the killer bee.
The sling bullet freezes the killer bee.
You kill the killer bee!
You have reached level 5!
You feel agile.
* * * LOW HITPOINT WARNING * * *
You feel sick. The killer bee stings you.
You die...

# #.# #...#...#. ##.#.##.....
#####+####........ ...........
........##...#.... ............
........+......... ............
........ #...#..# ##...##...>#
#####.####...... ......)......
#.......# #..#.# ..............
#...†...###..#.###....#...##....#
.............(yy@.........##....#
#...#############...............#
#...# .........###...# ....#
................ ######
.#.............. #_.
......##.###.... ##..
.#...###........ ##8.
.#.............. #.......###....


You could see 2 killer bees.

Vanquished Creatures
  A killer bee (D:3)
  2 adders (D:3)
  An ooze (D:3)
  2 worms (D:2)
  2 dart slugs
  5 bats
  A giant cockroach (D:2)
  4 goblins
  6 hobgoblins
  9 jackals
  12 kobolds
  2 quokkas
  A frilled lizard (D:2)
  7 rats
55 creatures vanquished.

Notes
Turn   | Place    | Note
-------+----------+-------------------------------------------
     0 | D:1      | somkeydreadnuts the Halfling Hunter began the quest for the
                  | Orb.
     0 | D:1      | Reached XP level 1. HP: 14/14 MP: 1/1
    25 | D:1      | Reached skill level 6 in Slings
    42 | D:1      | Reached XP level 2. HP: 18/19 MP: 2/2
   540 | D:1      | Reached XP level 3. HP: 24/24 MP: 3/3
   687 | D:1      | Reached skill level 7 in Slings
  1270 | D:2      | Found an opulent altar of Gozag.
  1479 | D:2      | Reached XP level 4. HP: 29/29 MP: 4/4
  1942 | D:3      | Reached skill level 1 in Armour
  2060 | D:3      | Reached skill level 8 in Slings
  2061 | D:3      | Found a shimmering blue altar of Sif Muna.
  2087 | D:3      | Reached XP level 5. HP: 4/34 MP: 1/5
  2087 | D:3      | Slain by a killer bee

Illustrated notes

Levels and vault maps discovered:
D:1:      erik_arrival_cave_to_civilisation [erik_arrival_cave_to_hall],
          layout_basic
D:2:      layout_rooms, grunt_gozag_statues
D:3:      layout_basic, nicolae_overflow_hidden_temple

Skill      XL: |  1  2  3  4 |
---------------+-------------+-----
Slings         | 6 7 8 |  8.4
Fighting       | 2 |  2.1
Armour         | 1 |  1.5
Short Blades   | |  0.2
Dodging        | |  2.2
Stealth        | |  1.1

Action                   |  1- 3 |  4- 6 || total
-------------------------+-------+-------++-------
Melee: Short sword       |     7 |       ||     7
 Fire: Hunting sling     |    82 |    33 ||   115
  Use: Potion            |     1 |       ||     1
Armor: Leather armour    |     4 |       ||     4
       Ring mail         |     5 |       ||     5
       Troll leather arm |     2 |     1 ||     3
Dodge: Dodged            |    34 |     8 ||    42

Table legend: (Time is in decaauts)
 A = Elapsed time spent in this place.
 B = Non-inter-level travel time spent in this place.
 C = Inter-level travel time spent in this place.
 D = Time resting spent in this place.
 E = Time spent auto-exploring this place.
 F = Levels seen in this place.
 G = Mean time per level.
                   A        B        C        D        E       F      G
               +--------+--------+--------+--------+--------+-----+--------+
         Total |   2051 |   2023 |     28 |      0 |   1224 |   3 |  683.7 |
       Dungeon |   2051 |   2023 |     28 |      0 |   1224 |   3 |  683.7 |
               +--------+--------+--------+--------+--------+-----+--------+

Top non-repeatable levels by time:
     D:1: 1250 daAuts
     D:2: 478 daAuts
     D:3: 322 daAuts
